 Dungeon Crawl Stone Soup version 0.24.0-123-gd5b16e6ec5 (webtiles) character file.

Game seed: 10317376911910490588, levelgen mode: deterministic

65 Martska the Chiller (level 4, -1/32 HPs)
             Began as a Merfolk Ice Elementalist on Jan 26, 2020.
             Slain by a gnoll
             ... wielding a +0 halberd
              (6 damage)
             ... on level 3 of the Dungeon.
             The game lasted 00:06:59 (1901 turns).

Martska the Chiller (Merfolk Ice Elementalist)      Turns: 1901, Time: 00:07:00

Health: -1/32      AC:  3    Str:  8    XL:     4   Next: 14%
Magic:  1/7        EV: 13    Int: 14    God:
Gold:   96         SH:  0    Dex: 15    Spells: 6/7 levels left

rFire    . . .     SeeInvis .   b - +0 short sword
rCold    . . .     Gourm    .   (no shield)
rNeg     . . .     Faith    .   m - +0 leather armour
rPois    .         Spirit   .   (no helmet)
rElec    .         Reflect  .   (no cloak)
rCorr    .         Harm     .   (no gloves)
MR       .....                  (no boots)
Stlth    ++........             (no amulet)
HPRegen  0.10/turn              (no ring)
MPRegen  0.10/turn              (no ring)

@: no status effects
A: change form in water, swift swim, stealthy swim
a: no special abilities


You were on level 3 of the Dungeon.
You were not hungry.

You visited 1 branch of the dungeon, and saw 3 of its levels.

You collected 96 gold pieces.

Inventory:

Hand Weapons
 b - a +0 short sword (weapon)
Armour
 a - a +0 robe
 i - a +0 large shield
 k - a +0 robe
 m - a +0 leather armour (worn)
Scrolls
 d - 3 scrolls of remove curse {unknown}
 h - 2 scrolls of teleportation {unknown}
 j - 2 scrolls of enchant armour {unknown}
 n - a scroll of magic mapping {unknown}
 o - 3 scrolls of amnesia {unknown}
Potions
 e - a potion of haste {unknown}
 f - a potion of berserk rage {unknown}
 g - a potion of agility {unknown}
 l - 2 potions of magic {unknown}
Comestibles
 c - 5 rations


   Skills:
 + Level 1.5 Fighting
 + Level 3.4 Dodging
 + Level 3.0 Stealth
 + Level 2.4 Spellcasting
   Level 0.7 Conjurations
 + Level 3.8 Ice Magic


You had 6 spell levels left.
You knew the following spells:

 Your Spells              Type           Power        Failure   Level  Hunger
a - Freeze                Ice            ##..         7%          1    #......

Your spell library contained the following spells:

 Spells                   Type           Power        Failure   Level  Hunger
 Throw Frost              Conj/Ice       #.....       21%         2    ###....
 Ozocubu's Armour         Chrm/Ice       #.......     41%         3    ###....
 Throw Icicle             Conj/Ice       #.......     78%         4    #####..
 Summon Ice Beast         Ice/Summ       #.......     83%         4    #####..


Dungeon Overview and Level Annotations

Branches:
Dungeon (3/15)

Altars:


Message History

You freeze the gnoll.
The gnoll is moderately wounded.
The gnoll hits you but does no damage. The gnoll closely misses you.
Casting: Freeze (safe; 7% risk of failure)
Confirm with . or Enter, or press ? or * to list all spells.
Aiming: Freeze (safe; 7% risk of failure)
Press: ? - help, Shift-Dir - straight line, f/p - gnoll
Aim: a gnoll, wielding a +0 halberd (moderately wounded)
You freeze the gnoll.
The gnoll is severely wounded.
The gnoll completely misses you.
Casting: Freeze (safe; 7% risk of failure)
Confirm with . or Enter, or press ? or * to list all spells.
Aiming: Freeze (safe; 7% risk of failure)
Press: ? - help, Shift-Dir - straight line, f/p - gnoll
Aim: a gnoll, wielding a +0 halberd (severely wounded)
You freeze the gnoll.
The gnoll is almost dead.
The gnoll hits you from afar with a +0 halberd.
You die...

#......#########.#
#..............(..
###.....#########.
#...............
#.....#########.
#.........# #. ###.......#
#.
##############.......#####.
.......Sgg@................
........########.##########
.............# #.#
.............# #.#
####.........# #.#
#....[....# #.# #.........#
#.# #.........# #.########
#.........# #........#


You could see 2 gnolls and a ball python.

Vanquished Creatures
  2 gnolls (D:3)
  A worm (D:2)
  A dart slug (D:1)
  5 leopard geckos
  A ball python (D:2)
  A giant cockroach (D:1)
  4 goblins
  3 hobgoblins
  3 jackals (D:1)
  3 kobolds
  A quokka (D:2)
  5 bats
  5 rats
35 creatures vanquished.

Notes
Turn   | Place    | Note
-------+----------+-------------------------------------------
     0 | D:1      | Martska the Merfolk Ice Elementalist began the quest for
                  | the Orb.
     0 | D:1      | Reached XP level 1. HP: 13/13 MP: 3/3
   221 | D:1      | Reached XP level 2. HP: 17/20 MP: 0/5
   846 | D:1      | Reached skill level 1 in Fighting
   846 | D:1      | Reached XP level 3. HP: 20/26 MP: 6/6
  1853 | D:3      | Reached XP level 4. HP: 22/32 MP: 0/7
  1901 | D:3      | Slain by a gnoll

Levels and vault maps discovered:
D:1:      co_arrival_random_square_maze, layout_loops_corners
D:2:      layout_rooms
D:3:      layout_basic, nicolae_overflow_hidden_temple, first_ration,
          chequers_serial_rivers_micro_e

Skill      XL: |  1  2  3 |
---------------+----------+-----
Dodging        | 3 |  3.4
Fighting       | 1 |  1.5
Stealth        | 3 |  3.0
Spellcasting   | |  2.4
Conjurations   | |  0.7
Ice Magic      | |  3.8

Action                   |  1- 3 |  4- 6 || total
-------------------------+-------+-------++-------
Melee: Short sword       |    80 |       ||    80
 Cast: Freeze            |    27 |     4 ||    31
 Stab: Sleeping          |     5 |       ||     5
  Eat: Ration            |     1 |       ||     1
Armor: Robe              |    11 |       ||    11
       Leather armour    |     2 |     2 ||     4
Dodge: Dodged            |    93 |     4 ||    97
